 Dungeon Crawl Stone Soup version 0.31-a0-516-gfcb59812bd (webtiles) character file.

Game seed: 1079420353783226676

2 GordonOverkill the Sneak (level 1, -2/11 HPs)
             Began as a Vine Stalker Delver on Aug 10, 2023.
             Slain by an orc
             ... wielding a +0 dagger
              (3 damage)
             ... on level 4 of the Dungeon.
             The game lasted 00:00:25 (54 turns).

GordonOverkill the Sneak (Vine Stalker Delver)        Turns: 54, Time: 00:00:25

Health: -2/11      AC:  3    Str: 14    XL:     1   Next: 30%
Magic:  0/2        EV: 11    Int: 10    God:
Gold:   0          SH:  0    Dex: 15    Spells: 0/0 levels left

rFire   . . .        a - +0 hand axe
rCold   . . .        (no shield)
rNeg    . . .        b - +0 leather armour
rPois   .            (no helmet)
rElec   .            (no cloak)
rCorr   .            (no gloves)
SInv    .            (no boots)
Will    .....        (no amulet)
Stlth   +++          (no ring)
HPRegen 0.21/turn    (no ring)
MPRegen 0.08/turn

%: guardian spirit
@: hasted, very quick
A: fangs 2, magic shield, antimagic bite, no potion heal 2
a: no special abilities


You were on level 4 of the Dungeon.
You visited 1 branch of the dungeon, and saw 4 of its levels.

Inventory:

Hand Weapons
 a - a +0 hand axe (weapon)
Armour
 b - a +0 leather armour (worn)
 h - a +0 plate armour
Wands
 g - a wand of digging (3)
Scrolls
 c - a scroll of fog
 d - a scroll of revelation
 e - a scroll of fear


   Skills:
 - Level 2.6 Fighting
 + Level 2.0 Axes
 - Level 1.5 Dodging
 - Level 6.0 Stealth


You couldn't memorise any spells.
You didn't know any spells.
Your spell library was empty.

Dungeon Overview and Level Annotations

Branches:
Dungeon (7/15)
 Temple: D:4-7

Altars:


Innate Abilities, Weirdness & Mutations

You have extremely sharp teeth.
When hurt, damage is shared between your health and your magic reserves.
Your bite disrupts and absorbs the magic of your enemies.
Potions cannot restore your health.


Message History

The orc hits you but does no damage.
You hit the orc wizard but do no damage.
The orc wizard is moderately wounded.
You hit the orc but do no damage.
The orc wizard casts a spell.
The orc wizard flickers and vanishes!
Deactivating autopickup; reactivate with Ctrl-A.
The orc barely misses you.
You hit the orc but do no damage. You bite the orc. You drain its power.
The orc is moderately wounded.
You hit something but do no damage. Something hits you.
The orc hits you with a +0 dagger. Something hits you but does no damage.
The orc closely misses you.
You hit the orc. Your bite misses the orc.
The orc is almost dead.
You closely miss something.
You hear some strange, mumbled words.
A magic dart appears from out of thin air!
The magic dart hits you.
* * * LOW HITPOINT WARNING * * *
The orc hits you with a +0 dagger.
* * * LOW HITPOINT WARNING * * *
You are too injured to fight recklessly!
You are too injured to fight recklessly!
You feel yourself speed up. The orc barely misses you.
You hear some strange, mumbled words.
Something tries to affect you, but you resist.
You barely miss the orc. Your bite misses the orc.
The orc is almost dead.
You closely miss something. The orc closely misses you. Something hits you.
* * * LOW HITPOINT WARNING * * *
You closely miss the orc.
The orc is severely wounded.
You barely miss something. You barely miss the orc. Your bite misses the orc.
The orc is severely wounded.
You closely miss something. Something hits you.
* * * LOW HITPOINT WARNING * * *
The orc hits you with a +0 dagger.
You die...

### ..# . . #.#
#...# #.#
#...(.##.#
#........####.#
#....###.{@oo.#
.........####.#
.......>(..o..#
.........####.#
##...###.# #..
... #. .### # .
..


You could see 2 orcs.

Vanquished Creatures
  An orc (D:4)
1 creature vanquished.

Notes
Turn   | Place    | Note
-------+----------+-------------------------------------------
     0 | D:5      | GordonOverkill the Vine Stalker Delver began the quest for
                  | the Orb.
     0 | D:5      | Reached XP level 1. HP: 11/11 MP: 2/2
    11 | D:7      | Noticed a steam dragon
    41 | D:4      | Noticed an orc wizard
    54 | D:4      | Slain by an orc

Illustrated notes

Levels and vault maps discovered:
D:4:      layout_loops_ring, tgw_kikubaaqudgha, marbit_many_paths,
          kennysheep_generic_room_12, uniq_robin
D:5:      layout_rooms, trog_hazing_becter, nicolae_qazlal_scattered_showers,
          nicolae_hepliaklqana_hazy_memory, nicolae_overflow_crystal_walls,
          minmay_small_thing, uniq_ijyb, uniq_eustachio
D:6:      layout_loops_ring, cheibriados_altar_1,
          chequers_temple_overflow_minitemple, uniq_sigmund
D:7:      layout_cave_pods, temple_fountains, uniq_duvessa

Skill      XL: |  1 |
---------------+----+-----
Axes           | 2 |  2.0
Fighting       | |  2.6
Dodging        | |  1.5
Stealth        | |  6.0

Action                     || total
---------------------------++-------
  Melee: Hand axe          ||     9
         Bite              ||     1
    Use: Potion            ||     1
 Armour: Leather armour    ||     2
  Dodge: Dodged            ||     6

Table legend: (Time is in decaauts)
 A = Elapsed time spent in this place.
 B = Non-inter-level travel time spent in this place.
 C = Inter-level travel time spent in this place.
 D = Time resting spent in this place.
 E = Time spent auto-exploring this place.
 F = Levels seen in this place.
 G = Mean time per level.
                   A        B        C        D        E       F      G
               +--------+--------+--------+--------+--------+-----+--------+
         Total |     55 |     55 |      0 |      0 |      0 |   4 |   13.8 |
       Dungeon |     55 |     55 |      0 |      0 |      0 |   4 |   13.8 |
               +--------+--------+--------+--------+--------+-----+--------+

Top non-repeatable levels by time:
     D:7: 15 daAuts
     D:5: 13 daAuts
     D:4: 13 daAuts
     D:6: 12 daAuts
